Map: Tours du crépuscule

Players

zidar

  • Race: Zerg Zerg
  • League: Silver
  • Spawn Location: 1:00

Min - Winner!

  • Race: Zerg Zerg
  • League: Silver
  • Spawn Location: 7:00

VOD

Have the link to the VOD?

Description

Time

  • Played on: Jan. 24, 2016, 8:36 a.m.
  • Length: 11:36
Show
View Real Time Build Order
Export as new Build Order

zidar Zerg 

Build Orders: Pool First 

Get SALT Encoding   

  12  0:02  Drone  
  13  0:12  Overlord  
  13  0:17  Drone  
  14  0:30  Drone  
  14  0:31  Drone  
  16  0:42  Spawning Pool  
  16  0:45  Drone  
  16  0:50  Extractor  
  16  0:51  Drone  
  16  0:56  Drone  
  17  1:23  Hatchery  
  17  1:24  Drone  
  17  1:37  Spine Crawler, Drone  
  16  1:55  Queen  
  16  1:57  Zergling x2  
  16  1:59  Zergling x2  
  20  2:22  Roach Warren  
  19  2:23  Metabolic Boost  
  19  2:40  Zergling x2  
  20  2:56  Zergling x2  
  20  2:57  Zergling x6  
  24  3:05  Extractor  
  22  3:13  Zergling x2  
  22  3:14  Zergling x8  
  24  3:30  Queen  
  26  3:44  Zergling x2  
  26  3:45  Zergling x2  
  28  3:59  Overlord x2  
  28  4:30  Queen  
  28  4:43  Roach  
  28  4:44  Roach x3  
  36  5:15  Ravager x3  
  36  5:16  Ravager  
  40  5:22  Roach x2  
  25  6:07  Roach  
  25  6:08  Roach x4  
  32  6:14  Zergling x2  
  27  6:39  Roach x3  
  33  6:47  Drone  
  37  7:08  Drone x3  
  37  7:21  Lair  
  37  7:28  Drone  
  38  7:36  Drone x2  
  40  7:44  Roach  
  40  7:48  Roach  
  44  8:06  Overlord  
  44  8:24  Queen  
  46  8:35  Spire  
  46  8:39  Overlord  
  46  8:40  Overlord  
  45  9:46  Mutalisk  
  45  9:47  Mutalisk x6  
  59  9:54  Overlord x2  
  59  10:11  Mutalisk x4  
  59  10:12  Mutalisk  
  69  10:23  Ravager  
  70  10:45  Mutalisk  
Show
View Real Time Build Order
Export as new Build Order

Min Zerg - Winner!

Build Orders: Pool First 

Get SALT Encoding   

  12  0:01  Drone  
  13  0:15  Drone  
  14  0:27  Spawning Pool  
  13  0:29  Drone  
  14  0:42  Overlord  
  14  1:05  Extractor, Drone x3  
  14  1:07  Extractor  
  15  1:18  Zergling x2  
  16  1:19  Queen  
  18  1:27  Zergling x2  
  19  1:38  Zergling x2  
  20  2:01  Zergling x2  
  20  2:02  Zergling x2  
  22  2:10  Metabolic Boost  
  22  2:19  Overlord  
  22  2:31  Hatchery  
  20  2:46  Zergling x10  
  23  3:26  Zergling x8  
  23  3:27  Zergling x4  
  27  3:41  Zergling x2  
  23  4:02  Zergling x8  
  21  4:33  Zergling x8  
  25  4:39  Spine Crawler  
  25  4:41  Spine Crawler  
  25  4:43  Zergling x6  
  25  4:45  Zergling x6  
  29  4:46  Zergling x2  
  30  5:01  Queen  
  32  5:12  Zergling x4  
  34  5:18  Zergling x2  
  35  5:21  Zergling x2  
  36  5:47  Overlord x2  
  25  6:12  Drone  
  25  6:13  Drone x6  
  25  6:43  Lair  
  25  6:48  Drone x4  
  25  6:49  Roach Warren  
  25  6:53  Drone  
  25  6:54  Drone  
  30  7:09  Drone  
  30  7:10  Drone x2  
  30  7:12  Drone x2  
  35  7:19  Drone x3  
  38  7:24  Drone x2  
  38  7:26  Drone  
  38  7:28  Drone  
  42  7:48  Extractor  
  42  7:50  Roach  
  42  7:51  Roach, Extractor, Overlord x3  
  44  8:09  Roach x4  
  44  8:10  Roach x2  
  44  8:11  Roach  
  58  8:14  Overseer  
  58  8:15  Overseer  
  58  8:37  Drone x4  
  62  8:47  Roach  
  62  8:48  Roach x2, Overlord x2  
  68  8:49  Overlord  
  68  8:59  Hydralisk Den  
  67  9:08  Roach x5  
  77  9:13  Glial Reconstitution  
  77  9:22  Roach  
  77  9:23  Roach x2  
  77  9:24  Roach  
  85  9:26  Roach  
  87  9:49  Roach x2  
  87  9:50  Overlord  
  87  9:51  Overlord x2  
  91  9:54  Muscular Augments  
  91  10:14  Hydralisk  
  91  10:15  Hydralisk x4  
  101  10:21  Hydralisk  
  102  10:30  Hydralisk x2  
  106  10:43  Overlord  
  106  10:44  Overlord  
Tags
 
Add a new tag
Caveats
  • Supply blocks, unpowered buildings, or Contaminate may cause inaccurate times.
  • Supply counts are checked every 10 seconds.